AoeStats
← tapaswithtitus

Black Forest

510309155Analyzed
4v4 RM · 3d ago on Sep 30, 2026· 44m 40s· 8 players
Game mode
Random Map
Map size
Large (8 player)
Population
200
Speed
Normal
Resources
Standard
Victory
Conquest
Starting age
Dark Age
Ending age
Imperial Age
RankedLock teamsTeams togetherTeam positionsShared explorationLock speedFull tech treeHidden civsTurbo modeCheats
Victory
Defeat
🇰🇷 Italians · South Korea
1264
+15
1245
+16
🇲🇽 Portuguese · Mexico
1186
+19
🇹🇷 Magyars · Türkiye
1147
+20
🇦🇺 Dravidians · Australia
1330
-20
🇨🇳 Danes · China
1248
-18
🇦🇺 Malay · Australia
1212
-16
🇦🇺 Bohemians · Australia
1196
-16
有钱胶己人 无钱咬支浪
8:58 Feudal Age
8:14 Loom
9:05 Man-at-Arms
9:33 Double-Bit Axe
12:47 Fletching
15:34 Wheelbarrow
19:20 Castle Age
17:48 Padded Archer Armor
18:18 Horse Collar
18:29 Gold Mining
18:41 Stone Mining
19:56 Bodkin Arrow
19:23 Crossbowman
20:30 Bow Saw
20:37 Town Watch
27:45 Heavy Plow
28:24 Gold Shaft Mining
28:56 Leather Archer Armor
29:49 Thumb Ring
30:21 Hand Cart
32:21 Stone Shaft Mining
35:32 Imperial Age
36:14 Bracer
35:45 Arbalester
38:21 Two-Man Saw
38:27 Ring Archer Armor
38:58 Chemistry
38:04 Siege Engineers
38:22 Conscription
38:30 Town Patrol
40:14 Torsion Engines
42:28 Elite Shotel Warrior
XI JINPING
2:40 Loom
3:10 Loom
3:18 Loom
12:50 Feudal Age
13:39 Double-Bit Axe
18:21 Castle Age
16:29 Horse Collar
16:42 Gold Mining
17:19 Fletching
17:46 Stone Mining
23:04 Bow Saw
25:53 Wheelbarrow
29:47 Imperial Age
28:28 Bodkin Arrow
30:12 Squires
30:25 Heavy Plow
31:33 Chemistry
32:11 Hand Cart
33:06 Two-Man Saw
32:22 Town Watch
33:25 Crop Rotation
34:23 Padded Archer Armor
35:23 Thumb Ring
35:23 Scale Mail Armor
35:34 Forging
35:41 Fortified Wall
35:27 Murder Holes
35:42 Fortified Wall
35:27 Murder Holes
36:11 Pirotechnia
37:18 Leather Archer Armor
37:03 Bracer
37:38 Iron Casting
37:19 Chain Mail Armor
38:11 Ballistics
37:57 Town Patrol
39:57 Silk Road
41:13 Elite Skirmisher
42:29 Arson
Sunday
9:13 Loom
11:58 Feudal Age
15:04 Wheelbarrow
15:18 Double-Bit Axe
19:38 Castle Age
17:30 Horse Collar
19:32 Stone Mining
21:03 Hand Cart
21:02 Bow Saw
20:55 Heavy Plow
29:46 Gold Mining
30:35 Stone Shaft Mining
30:45 Town Watch
31:10 Caravan
35:09 Imperial Age
33:13 Fervor
34:13 Ballistics
35:29 Padded Archer Armor
35:13 Treadmill Crane
36:57 Chemistry
36:03 Siege Engineers
37:01 Chemistry
36:22 Leather Archer Armor
36:24 Guilds
37:20 Masonry
38:05 Ring Archer Armor
38:31 Theocracy
39:26 Two-Man Saw
39:06 Crop Rotation
39:03 Conscription
39:47 Bombard Tower
39:07 Elite Organ Gun
40:46 Architecture
40:13 Murder Holes
40:23 Town Patrol
40:49 Block Printing
41:04 Fletching
41:11 Heated Shot
44:06 Bodkin Arrow
_FreeZon3_
0:28 Loom
10:08 Feudal Age
11:26 Horse Collar
13:17 Gold Mining
18:10 Castle Age
16:18 Stone Mining
18:21 Double-Bit Axe
18:54 Town Watch
20:52 Bow Saw
21:49 Wheelbarrow
21:12 Stone Mining
23:17 Hand Cart
23:27 Heavy Plow
28:07 Corvinian Army
28:13 Town Watch
32:57 Imperial Age
30:34 Light Cavalry
32:24 Scale Barding Armor
32:40 Town Patrol
34:06 Gold Shaft Mining
33:27 Elite Magyar Huszar
34:38 Chain Barding Armor
35:44 Hussar
36:39 Bloodlines
36:32 Husbandry
37:10 Plate Barding Armor
38:05 Treadmill Crane
39:27 Chemistry
38:37 Masonry
38:48 Ballistics
39:11 Conscription
39:53 Crop Rotation
43:25 Two-Man Saw
41:52 Hussar
BrokeMate
11:09 Feudal Age
9:25 Loom
16:07 Castle Age
14:53 Double-Bit Axe
19:57 Fletching
21:13 Bodkin Arrow
25:23 Wheelbarrow
24:37 Horse Collar
28:22 Hand Cart
29:51 Bow Saw
30:16 Gold Mining
34:05 Imperial Age
31:54 Padded Archer Armor
32:17 Ballistics
32:15 Town Watch
33:19 Stone Mining
34:34 Thumb Ring
34:49 Leather Archer Armor
36:12 Chemistry
35:14 Bracer
34:37 Elite Elephant Archer
36:35 Ring Archer Armor
41:15 Medical Corps
tapaswithtitus
0:58 Loom
13:00 Feudal Age
19:41 Castle Age
17:52 Double-Bit Axe
17:51 Horse Collar
21:11 Bow Saw
21:05 Heavy Plow
22:32 Wheelbarrow
23:55 Fletching
28:45 Hand Cart
29:27 Town Watch
35:18 Imperial Age
32:46 Gambesons
33:01 Squires
33:32 Arson
34:35 Pikeman
35:23 Bodkin Arrow
35:38 Forging
35:28 Scale Mail Armor
36:08 Masonry
35:37 Capped Ram
37:22 Conscription
37:17 Gold Mining
37:23 Stone Mining
37:36 Hamask
38:17 Halberdier
38:42 Elite Varangian Guard
39:09 Northmen's Fury
40:29 Siege Ram
43:51 Elite Jomsviking
Bananananna8
9:07 Loom
10:53 Feudal Age
15:28 Castle Age
20:11 Double-Bit Axe
22:55 Elite Skirmisher
24:28 Horse Collar
29:04 Wheelbarrow
29:26 Bow Saw
28:51 Man-at-Arms
30:12 Heavy Plow
35:21 Imperial Age
33:09 Town Watch
34:25 Hand Cart
33:52 Pikeman
34:38 Scale Mail Armor
35:19 Forging
35:13 Squires
35:42 Ballistics
36:07 Chain Mail Armor
37:18 Iron Casting
37:46 Plate Mail Armor
37:31 Halberdier
40:17 Blast Furnace
40:14 Fletching
40:26 Padded Archer Armor
41:29 Chemistry
Stophles
0:43 Loom
12:12 Feudal Age
15:48 Double-Bit Axe
22:16 Castle Age
20:58 Forging
21:49 Scale Barding Armor
22:45 Iron Casting
24:10 Husbandry
31:26 Horse Collar
32:42 Fletching
32:52 Padded Archer Armor
34:43 Wheelbarrow
34:17 Guard Tower
36:44 Murder Holes
36:53 Bodkin Arrow
Connection lost

Rejoining the realm…

Still unreachable

The connection could not be restored.

Session expired

The server has moved on; the page needs a fresh start.